 Dungeon Crawl Stone Soup version 0.32-a0-876-gcfddb08e57 (webtiles) character file.

Game seed: 11773272063312347757

67 dcgrp the Firebug (level 4, -2/38 HPs)
             Began as a Mountain Dwarf Fire Elementalist on Mar 31, 2024.
             Slain by a gnoll
             ... wielding a +0 flail
              (8 damage)
             ... on level 2 of the Dungeon.
             The game lasted 00:04:00 (2353 turns).

dcgrp the Firebug (MDFE)                            Turns: 2353, Time: 00:04:01

Health: -2/38      AC:  3    Str: 10    XL:     4   Next: 0%
Magic:  0/7        EV: 10    Int: 18    God:
Gold:   65         SH:  0    Dex: 10    Spells: 6/7 levels left

rFire   . . .        d - +0 whip (elec)
rCold   . . .        (no shield)
rNeg    . . .        a - +0 robe
rPois   .            (no helmet)
rElec   .            c - +0 cloak
rCorr   .            (no gloves)
SInv    .            (no boots)
Will    .....        (no amulet)
Stlth   ++           (no ring)
HPRegen 0.26/turn    (no ring)
MPRegen 0.10/turn

%: no passive effects
@: no status effects
A: runic magic, artefact enchanting
a: no special abilities


You were on level 2 of the Dungeon.
You visited 1 branch of the dungeon, and saw 2 of its levels.

You collected 65 gold pieces.

Inventory:

Hand Weapons
 d - a +0 whip of electrocution (weapon)
 f - a +0 short sword
 j - a +0 whip of freezing
Armour
 a - a +0 robe (worn)
 c - a +0 cloak (worn)
Magical Staves
 i - a staff of earth
Scrolls
 g - 3 scrolls of identify {unknown}
 h - a scroll of enchant weapon {unknown}
Potions
 b - a potion of magic
 e - a potion of degeneration {unknown}


   Skills:
 - Level 3.0 Fighting
 - Level 1.3 Dodging
 - Level 1.4 Stealth
 + Level 2.2 Spellcasting
 - Level 1.0 Conjurations
 + Level 4.2 Fire Magic


You had 6 spell levels left.
You knew the following spells:

 Your Spells              Type           Power      Damage    Failure   Level
a - Foxfire               Conj/Fire      44%        2x1d6     6%          1

Your spell library contained the following spells:

 Spells                   Type           Power      Damage    Failure   Level
 Scorch                   Fire           34%        2d6       4%          2
 Momentum Strike          Conj/Tloc      6%         3d8       22%         2
 Inner Flame              Hex/Fire       9%         N/A       22%         3
 Volatile Blastmotes      Fire/Tloc      18%        2d11      22%         3
 Blink                    Tloc           4%         N/A       26%         2
 Lesser Beckoning         Tloc           4%         N/A       26%         2
 Flame Wave               Conj/Fire      11%        2d6       52%         4


Dungeon Overview and Level Annotations

Branches:
Dungeon (2/15)

Altars:


Innate Abilities, Weirdness & Mutations

Your spellcasting is much less encumbered by armour.
You can use scrolls of enchantment on lesser artefacts.


Message History

The foxfire hits the gnoll.
The gnoll is almost dead.
The foxfire hits the gnoll.
The gnoll is almost dead.
The foxfire hits the gnoll but does no damage.
The gnoll is almost dead.
Casting: Foxfire (safe; 7% risk of failure)
Confirm with . or Enter, or press ? or * to list all spells.
You conjure some foxfire!
Your foxfire dissipates!
The foxfire hits the gnoll but does no damage.
The gnoll is almost dead.
Casting: Foxfire (safe; 7% risk of failure)
Confirm with . or Enter, or press ? or * to list all spells.
You conjure some foxfire!
The foxfire hits the gnoll.
You kill the gnoll!
You have reached level 4!
You feel clever.
The foxfire hits the gnoll but does no damage.
You barely miss the gnoll. The gnoll closely misses you.
You hit the gnoll.
The gnoll is lightly wounded.
The gnoll hits you with a +0 flail!
You barely miss the gnoll.
The gnoll is lightly wounded.
The gnoll hits you with a +0 flail!
Press: ? - help, v - describe, . - travel
Here: a gnoll, wielding a +0 flail The floor.
Unknown command.
Casting: Foxfire (safe; 6% risk of failure)
Confirm with . or Enter, or press ? or * to list all spells.
You conjure some foxfire!
The gnoll hits you with a +0 flail!
* * * LOW HITPOINT WARNING * * *
Your foxfire dissipates!
The foxfire hits the gnoll.
The gnoll is lightly wounded.
The gnoll attacks as it pursues you! The gnoll hits you with a +0 flail!
You die...

########### ##..)......#
##@g#######.#
###..#........#
##......≈.♣#.###
#..#~~~#.♣~#..#
#.##♣~.#.~~#..#
############.##.≈~.~~~.~♣#
..........§...v~.♣~.#≈~g.#
####.##########~..♣~~~~.~.#
###.# #♣...~.≈~...#


You could see a gnoll.

Vanquished Creatures
  A gnoll (D:2)
  An adder (D:2)
  A ribbon worm (D:2)
  5 dart slugs (D:1)
  3 ball pythons
  A bat (D:1)
  2 endoplasms (D:1)
  2 giant cockroaches (D:1)
  2 goblins
  A hobgoblin (D:2)
  2 quokkas (D:1)
  2 frilled lizards (D:1)
  9 kobolds
  7 rats
39 creatures vanquished.

Vanquished Creatures (others)
  133 foxfires
133 creatures vanquished.

Grand Total: 172 creatures vanquished

Notes
Turn   | Place    | Note
-------+----------+-------------------------------------------
     0 | D:1      | dcgrp the Mountain Dwarf Fire Elementalist began the quest
                  | for the Orb.
     0 | D:1      | Reached XP level 1. HP: 14/14 MP: 3/3
    75 | D:1      | Reached skill level 1 in Fighting
   392 | D:1      | Reached XP level 2. HP: 21/24 MP: 0/4
   460 | D:1      | Found a faded altar of an unknown god.
   938 | D:1      | Reached XP level 3. HP: 31/31 MP: 3/5
  1044 | D:1      | Reached skill level 1 in Conjurations
  2006 | D:2      | Reached skill level 4 in Fire Magic
  2346 | D:2      | Reached XP level 4. HP: 38/38 MP: 0/7
  2353 | D:2      | Slain by a gnoll

Illustrated notes

Levels and vault maps discovered:
D:1:      saegor_arrival_miasma, layout_loops_corners,
          ebering_ecumenical_altar_hall
D:2:      layout_basic, serial_shops, nicolae_shop_tiny_real_fake_doors,
          dreamdust_princess_corridor, chequers_serial_rivers_marsh,
          minmay_misc_feat_columns

Skill      XL: |  1  2  3 |
---------------+----------+-----
Fighting       | 1 3 |  3.0
Conjurations   | 1 |  1.0
Spellcasting   | 2 |  2.2
Fire Magic     | 4 |  4.2
Dodging        | |  1.3
Stealth        | |  1.4

Action                     |  1- 3 |  4- 6 || total
---------------------------+-------+-------++-------
  Melee: Unarmed           |    19 |       ||    19
         Club              |    11 |       ||    11
         Punch             |     1 |       ||     1
         Whip              |     6 |     3 ||     9
   Cast: Foxfire           |    81 |     1 ||    82
 Armour: Robe              |    41 |     4 ||    45
  Dodge: Dodged            |    48 |     1 ||    49

Table legend: (Time is in decaauts)
 A = Elapsed time spent in this place.
 B = Non-inter-level travel time spent in this place.
 C = Inter-level travel time spent in this place.
 D = Time resting spent in this place.
 E = Time spent auto-exploring this place.
 F = Levels seen in this place.
 G = Mean time per level.
                   A        B        C        D        E       F      G
               +--------+--------+--------+--------+--------+-----+--------+
         Total |   2356 |   2168 |    188 |      0 |   1719 |   2 | 1178.0 |
       Dungeon |   2356 |   2168 |    188 |      0 |   1719 |   2 | 1178.0 |
               +--------+--------+--------+--------+--------+-----+--------+

Top non-repeatable levels by time:
     D:1: 1643 daAuts
     D:2: 712 daAuts
